 Dungeon Crawl Stone Soup version 0.31-a0-1278-g11c5b68f87 (webtiles) character file.

Game seed: 847797208226373892

15876 ksail the Fighter (level 12, 0/169 HPs)
             Began as a Minotaur Fighter on Dec 17, 2023.
             Was a High Priest of Trog.
             Killed from afar by a lindwurm (44 damage)
             ... with a blast of flame
             ... on level 1 of the Lair of Beasts.
             The game lasted 01:05:12 (9951 turns).

ksail the Fighter (Minotaur Fighter)                Turns: 9951, Time: 01:05:12

Health: 0/169      AC: 23    Str: 31    XL:     12   Next: 5%
Magic:  3/3        EV:  8    Int:  5    God:    Trog [*****.]
Gold:   316        SH:  7    Dex: 11    Spells: 11/11 levels left

rFire   . . .        Y - +1 broad axe (antimagic)
rCold   . . .        c - +0 buckler
rNeg    . . .        N - +0 plate armour
rPois   .            (helmet restricted)
rElec   .            e - scarf {shadows}
rCorr   .            n - +0 pair of gloves
SInv    .            m - +1 pair of boots
Will    .....        t - amulet of regeneration Stlth
                     P - +6 ring of strength
HPRegen 1.28/turn    U - +4 ring of protection
MPRegen 0.08/turn

%: no passive effects
@: berserking (expiring), very quick
A: horns 2, retaliatory headbutt
a: Renounce Religion, Berserk, Trog's Hand, Brothers in Arms


You were on level 1 of the Lair of Beasts.
You worshipped Trog.
Trog was extremely pleased with you.
You visited 2 branches of the dungeon, and saw 11 of its levels.
You also visited: Bailey.

You collected 609 gold pieces.
You spent 293 gold pieces at shops.

Inventory:

Hand Weapons
 Y - a +1 antimagic broad axe (weapon)
Missiles
 w - 4 atropa-tipped darts (quivered)
 D - 10 poisoned darts
 V - a throwing net
 W - 2 curare-tipped darts
Armour
 c - a +0 buckler (worn)
 e - a scarf of shadows (worn)
 m - a +1 pair of boots (worn)
 n - a +0 pair of gloves (worn)
 N - a +0 plate armour (worn)
Jewellery
 b - a ring of protection from fire
 t - an amulet of regeneration (around neck)
 B - an amulet of reflection
 P - a +6 ring of strength (left hand)
 S - a ring of willpower
 U - a +4 ring of protection (right hand)
Wands
 q - a wand of light (5)
 s - a wand of flame (23)
 v - a wand of mindburst (22)
 A - a wand of roots (14)
 F - a wand of paralysis (6)
Scrolls
 a - a scroll of butterflies
 f - 2 scrolls of fog
 h - 16 scrolls of identify
 j - 5 scrolls of silence
 k - 5 scrolls of enchant armour
 r - 6 scrolls of teleportation
 u - 5 scrolls of blinking
 z - 2 scrolls of vulnerability
 G - 2 scrolls of immolation {unknown}
 O - 6 scrolls of enchant weapon
 Q - 4 scrolls of revelation
 R - 3 scrolls of noise
 T - a scroll of fear
Potions
 g - a potion of lignification
 i - 6 potions of curing
 o - a potion of berserk rage
 p - 3 potions of enlightenment
 x - a potion of ambrosia
 C - 3 potions of haste {unknown}
 H - a potion of invisibility {unknown}
 I - 2 potions of brilliance {unknown}
 J - a potion of experience
 K - 3 potions of resistance {unknown}
 L - a potion of mutation {unknown}
 M - a potion of magic {unknown}
 X - a potion of might


   Skills:
 + Level 12.5 Fighting
 + Level 12.0 Axes
 + Level 12.3 Armour
 + Level 12.3 Shields


You had 11 spell levels left.
You didn't know any spells.
Your spell library contained the following spells:

 Spells                   Type           Power      Damage    Failure   Level
 Blink                    Tloc           0%         N/A       99%         2
 Inner Flame              Hex/Fire       0%         N/A       100%        3
 Tukima's Dance           Hex            0%         N/A       100%        3
 Manifold Assault         Tloc           0%         N/A       100%        4
 Passage of Golubria      Tloc           0%         N/A       100%        4
 Summon Ice Beast         Ice/Summ       0%         N/A       100%        4
 Summon Mana Viper        Hex/Summ       0%         N/A       100%        5
 Yara's Violent Unravell  Hex/Tmut       0%         3d3       100%        5
 Simulacrum               Ice/Necr       0%         N/A       100%        6
 Enfeeble                 Hex            0%         N/A       100%        7
 Monstrous Menagerie      Summ           0%         N/A       100%        7
 Ozocubu's Refrigeration  Ice            0%         4d7       100%        7
 Polar Vortex             Ice            0%         N/A       100%        9


Dungeon Overview and Level Annotations

Branches:
Dungeon (10/15)            Temple (0/1) D:6            Lair (1/5) D:10
 Bailey (visited)
    Orc: D:9-12

Altars:
Ashenzari
Dithmenos
Hepliaklqana
Makhleb
Ru
Trog
Vehumet
Wu Jian
Xom
Yredelemnul

Shops:
D:2 *   D:8 ?   D:10 :

Annotations:
D:6 exclusion: statue


Innate Abilities, Weirdness & Mutations

You have a pair of horns on your head.
You reflexively headbutt those who attack you in melee.


Message History

The skyshark barely misses you. You furiously retaliate!
You headbutt the skyshark! The skyshark tail-slaps you.
The skyshark tail-slaps you but does no damage.
You barely miss the skyshark.
The skyshark is severely wounded.
The skyshark bites you.
* * * LOW HITPOINT WARNING * * *
The skyshark tail-slaps you.
* * * LOW HITPOINT WARNING * * *
The skyshark tail-slaps you but does no damage.
You slash the skyshark! You headbutt the skyshark!
The skyshark is severely wounded.
The skyshark bites you.
* * * LOW HITPOINT WARNING * * *
The skyshark tail-slaps you but does no damage. x2
You slice the skyshark!! Your headbutt misses the skyshark.
The skyshark is almost dead.
The skyshark bites you but does no damage.
The skyshark tail-slaps you!
* * * LOW HITPOINT WARNING * * *
You block the skyshark's attack.
You slash the skyshark!
You kill the skyshark!
Trog accepts your kill.
Your Axes skill increases to level 12!
Your skin stops crawling.
You feel less strong-willed.
The lindwurm bites you but does no damage.
The lindwurm barely misses you. The lindwurm completely misses you.
There is an open door, spattered with blood here.
You see here a death yak corpse.
You barely miss the lindwurm. The lindwurm breathes flames at you.
The blast of flame misses you.
You completely miss the lindwurm. You headbutt the lindwurm!
The lindwurm is lightly wounded.
You slash the lindwurm! You headbutt the lindwurm!!
The lindwurm is almost dead.
The lindwurm breathes flames at you. The blast of flame hits you!!!
You die...

.............^..#.....#...†...#
................#.....#.......#
......†.........+.....'.........
....................>.#.......##.
...............................
..........#######.#.###.#######.
..........#P...P#..## #.#
..........#.###.#.#.# (.#
..........# +[#k@.#####.#
..........#.###.#.##..
..........#P...P#....
........#.#######.#.# ........#..
......#.# ........#.##.# ##.##
........#.#.# #.#.#
#####.#.....## ##.#.####
..........#..###.#.#.).#


You could see a lindwurm (catching breath).

Vanquished Creatures
  A two-headed ogre (D:10)
  A dancing weapon (D:7)
  2 death yaks (Lair:1)
  Erica (D:9)
  A skyshark (Lair:1)
  The ghost of xnavy the Jinx, a novice DEHs of Dithmenos (D:7)
  An orc knight (Bailey)
  Maggie (D:6)
  A kobold demonologist (D:10)
  A rime drake (Lair:1)
  A komodo dragon (Lair:1)
  3 meliai (D:9)
  A hornet (D:10)
  11 blink frogs (Lair:1)
  Sigmund (D:2)
  A wyvern (Lair:1)
  Eustachio (D:6)
  4 yaks (D:10)
  2 basilisks
  2 steam dragons
  7 water moccasins
  11 orc warriors
  3 sky beasts (D:6)
  3 black bears
  3 ogres
  2 centaurs
  3 wolves (Lair:1)
  A phantom (D:4)
  A kobold brigand (D:7)
  9 bullfrogs
  7 scorpions
  11 wights
  9 killer bees
  8 howler monkeys
  4 hounds
  3 sleepcaps
  3 jellies
  6 iguanas
  5 orc wizards
  Ijyb (D:3)
  9 gnolls
  13 adders
  2 shadow imps
  A white imp (D:8)
  4 ufetubi
  4 worms
  2 dart slugs
  49 orcs
  9 ball pythons
  6 bats
  7 endoplasms
  5 giant cockroaches
  11 goblins
  5 hobgoblins
  6 jackals
  10 kobolds
  6 quokkas
  3 frilled lizards
  6 rats
296 creatures vanquished.

Notes
Turn   | Place    | Note
-------+----------+-------------------------------------------
     0 | D:1      | ksail the Minotaur Fighter began the quest for the Orb.
     0 | D:1      | Reached XP level 1. HP: 19/19 MP: 0/0
   110 | D:1      | Reached XP level 2. HP: 27/27 MP: 1/1
   680 | D:2      | Reached XP level 3. HP: 33/33 MP: 2/2
   753 | D:2      | Found a bloodstained altar of Trog.
   762 | D:2      | Became a worshipper of Trog the Wrathful
   790 | D:2      | Found Cebodel's Assorted Antiques.
   799 | D:2      | Bought a pair of boots for 76 gold pieces
   820 | D:2      | Reached XP level 4. HP: 41/41 MP: 3/3
   987 | D:2      | Noticed Sigmund
  1007 | D:2      | Killed Sigmund
  1008 | D:2      | Reached skill level 5 in Fighting
  1008 | D:2      | Reached skill level 5 in Armour
  1008 | D:2      | Reached skill level 5 in Shields
  1008 | D:2      | Reached XP level 5. HP: 33/48 MP: 4/4
  1127 | D:2      | Reached XP level 6. HP: 40/56 MP: 5/5
  1568 | D:2      | Found a faded altar of an unknown god.
  1801 | D:3      | Reached * piety under Trog
  2057 | D:3      | Found a shadowy altar of Dithmenos.
  2124 | D:3      | Noticed Ijyb
  2138 | D:3      | Killed Ijyb
  2617 | D:4      | Reached ** piety under Trog
  2703 | D:4      | Found a sacrificial altar of Ru.
  2713 | D:4      | Reached XP level 7. HP: 62/62 MP: 6/6
  2725 | D:4      | Reached skill level 5 in Axes
  3330 | D:5      | Entered Level 5 of the Dungeon
  3695 | D:5      | Reached XP level 8. HP: 71/71 MP: 7/7
  3721 | D:5      | Found a burning altar of Makhleb.
  4103 | D:6      | Noticed Maggie
  4118 | D:6      | Killed Maggie
  4136 | D:6      | Reached *** piety under Trog
  4525 | D:6      | Noticed Eustachio
  4530 | D:6      | Killed Eustachio
  4563 | D:6      | Found a staircase to the Ecumenical Temple.
  4627 | D:6      | Reached XP level 9. HP: 79/81 MP: 8/8
  5153 | D:6      | Found a radiant altar of Vehumet.
  5765 | D:7      | Found a runed translucent door.
  5766 | D:7      | Found a shimmering altar of Xom.
  5766 | D:7      | Noticed xnavy's ghost (novice DEHs)
  5767 | D:7      | Noticed a +1 short sword of chaos
  5779 | D:7      | Killed a +1 short sword of chaos
  5780 | D:7      | Reached XP level 10. HP: 69/91 MP: 9/9
  5797 | D:7      | Killed xnavy's ghost
  5868 | D:7      | Found a flagged portal.
  5875 | Bailey   | Entered a bailey
  5886 | Bailey   | Reached **** piety under Trog
  6070 | Bailey   | Reached skill level 10 in Fighting
  6104 | Bailey   | Noticed an orc knight
  6119 | Bailey   | HP: 6/139 [orc knight/+0 trident (17)]
  6120 | Bailey   | Reached skill level 10 in Armour
  6120 | Bailey   | Killed an orc knight
  6121 | Bailey   | Reached skill level 10 in Shields
  7270 | D:8      | Found Ruocimnau's Magic Scroll Boutique.
  7280 | D:8      | Bought a scroll of revelation for 105 gold pieces
  7280 | D:8      | Bought a scroll of identify for 28 gold pieces
  7280 | D:8      | Bought a scroll of teleportation for 42 gold pieces
  7280 | D:8      | Bought a scroll of identify for 28 gold pieces
  7280 | D:8      | Bought a scroll of noise for 14 gold pieces
  7346 | D:8      | Found a hazy altar of Hepliaklqana.
  7588 | D:8      | Reached skill level 10 in Axes
  7977 | D:9      | Noticed Erica
  7989 | D:9      | Killed Erica
  8169 | D:9      | Reached XP level 11. HP: 92/101 MP: 10/10
  8601 | D:10     | Entered Level 10 of the Dungeon
  8623 | D:10     | Noticed a two-headed ogre
  8635 | D:10     | Killed a two-headed ogre
  8787 | D:10     | Reached ***** piety under Trog
  8814 | D:10     | Found a staircase to the Lair.
  8939 | D:10     | Found Dyideh's Book Emporium.
  9011 | D:10     | Found a basalt altar of Yredelemnul.
  9011 | D:10     | Found a broken altar of Ashenzari.
  9041 | D:10     | Found an ornate altar of the Wu Jian Council.
  9223 | Lair:1   | Entered Level 1 of the Lair of Beasts
  9249 | Lair:1   | Received a gift from Trog
  9578 | Lair:1   | Noticed a death yak
  9593 | Lair:1   | Killed a death yak
  9923 | Lair:1   | Noticed a death yak
  9923 | Lair:1   | Noticed a skyshark
  9923 | Lair:1   | Noticed a lindwurm
  9931 | Lair:1   | Killed a death yak
  9932 | Lair:1   | Reached XP level 12. HP: 105/113 MP: 3/11
  9951 | Lair:1   | Killed from afar by a lindwurm

Illustrated notes

Levels and vault maps discovered:
D:1:      amcnicky_arrival_choice, layout_basic
D:2:      wad_crossroads, layout_basic, dreamdust_ecumenical_altar_statues,
          basic_altar, serial_shops, nicolae_shop_hallway_stairs,
          serial_bayou_pond_e, uniq_sigmund
D:3:      layout_basic, grunt_dithmenos_smoke_and_mirrors, uniq_ijyb
D:4:      layout_loops_ring, nicolae_ru_awakened_eye, kennysheep_generic_room_7
D:5:      layout_basic, makhleb_heckhound_becter, skrybe_limestone_x
D:6:      minmay_razor_zed, layout_loops_corners, vehumet_statue,
          minmay_temple_entry_ruins, uniq_maggie, uniq_eustachio
D:7:      layout_layer_cave, ebering_ghost_xom, enter_bailey_2
D:8:      layout_basic, nicolae_hepliaklqana_hippocampus, serial_shops, shop
D:9:      layout_rooms, uniq_erica
D:10:     layout_cave_pools, gammafunk_temple_overflow_claw,
          due_lair_maze_entry_diamond, serial_shops, shop
Lair:1:   layout_chaotic_city, minmay_shattered_shrine, grunt_megastairs_1

Skill      XL: |  1  2  3  4  5  6  7  8  9 10 11 12 |
---------------+-------------------------------------+-----
Fighting       | 4 5 6 8 9 10 12 | 12.5
Armour         | 4 5 6 7 9 10 12 | 12.3
Shields        | 4 5 6 7 9 10 12 | 12.3
Axes           | 3 4 5 7 8 10 11 12 | 12.0

Action                     |  1- 3 |  4- 6 |  7- 9 | 10-12 || total
---------------------------+-------+-------+-------+-------++-------
  Melee: War axe           |    88 |   136 |   227 |   313 ||   764
         Headbutt          |     8 |    22 |    43 |    74 ||   147
         Broad axe         |       |       |       |    99 ||    99
 Invoke: Berserk           |       |     1 |     1 |     2 ||     4
         Trog's Hand       |       |       |       |     4 ||     4
  Evoke: Wand              |       |       |       |     1 ||     1
    Use: Potion            |       |     2 |     1 |     2 ||     5
         Scroll            |       |       |    17 |       ||    17
 Armour: Scale mail        |    59 |   106 |   166 |       ||   331
         Ring mail         |       |       |    16 |   106 ||   122
         Plate armour      |       |       |       |   410 ||   410
  Dodge: Dodged            |    31 |    51 |    90 |   216 ||   388
  Block: Buckler           |    22 |    35 |    52 |   182 ||   291

Table legend: (Time is in decaauts)
 A = Elapsed time spent in this place.
 B = Non-inter-level travel time spent in this place.
 C = Inter-level travel time spent in this place.
 D = Time resting spent in this place.
 E = Time spent auto-exploring this place.
 F = Levels seen in this place.
 G = Mean time per level.
                   A        B        C        D        E       F      G
               +--------+--------+--------+--------+--------+-----+--------+
         Total |  10145 |   9938 |    207 |    645 |   6026 |  12 |  845.4 |
       Dungeon |   9050 |   8843 |    207 |    405 |   5715 |  10 |  905.0 |
          Lair |    725 |    725 |      0 |    153 |    311 |   1 |  725.0 |
        Bailey |    369 |    369 |      0 |     87 |      0 |   1 |  369.0 |
               +--------+--------+--------+--------+--------+-----+--------+

Top non-repeatable levels by time:
     D:6: 1436 daAuts
     D:7: 1156 daAuts
     D:2: 1077 daAuts
     D:8: 1009 daAuts
     D:3: 871 daAuts
     D:4: 837 daAuts
  Lair:1: 725 daAuts
     D:5: 701 daAuts
     D:9: 686 daAuts
     D:1: 647 daAuts
    D:10: 626 daAuts
  Bailey: 369 daAuts
